 Dungeon Crawl Stone Soup version 0.32-a0-818-gb728d0252e (console) character file.

Game seed: 10139209858829744194

23894 jejorda2 the Spear-Bearer (level 13, -3/104 HPs)
             Began as a Gnoll Berserker on Mar 23, 2024.
             Was an Elder of Trog.
             Slain by an ice devil (18 damage)
             ... in an ice cave.
             The game lasted 00:31:31 (10991 turns).

jejorda2 the Spear-Bearer (Gnoll Berserker)        Turns: 10991, Time: 00:31:32

Health: -3/104     AC: 24    Str: 21    XL:     13   Next: 9%
Magic:  25/25      EV: 12    Int:  7    God:    Trog [****..]
Gold:   906        SH: 10    Dex: 12    Spells: 28/28 levels left

rFire   . . .        m - +1 war axe (heavy)
rCold   . . .        q - +0 kite shield
rNeg    . . .        f - +0 plate armour
rPois   .            i - +2 helmet
rElec   .            F - +2 cloak {Stlth+}
rCorr   .            e - +0 pair of gloves
SInv    +            C - +0 pair of boots
Will    .....        y - amulet of regeneration Stlth
                     w - +5 ring of evasion
HPRegen 1.17/turn    G - ring of see invisible
MPRegen 0.19/turn

%: no passive effects
@: mighty, on berserk cooldown, slowed, very slow
A: fangs 1, strong nose, distributed training
a: Renounce Religion, Berserk, Trog's Hand, Brothers in Arms


You were in an ice cave.
You worshipped Trog.
Trog was greatly pleased with you.
You visited 1 branch of the dungeon, and saw 12 of its levels.
You also visited: Ice Cave.

You collected 906 gold pieces.

Inventory:

Hand Weapons
 a - a +2 trident of draining
 m - a +1 heavy war axe (weapon)
Missiles
 g - 10 boomerangs
 k - 8 javelins
 o - 28 poisoned darts
 r - 2 curare-tipped darts
 v - 3 throwing nets
Armour
 e - a +0 pair of gloves (worn)
 f - a +0 plate armour (worn)
 i - a +2 helmet (worn)
 q - a +0 kite shield (worn)
 C - a +0 pair of boots (worn)
 F - a +2 cloak of stealth (worn)
Jewellery
 h - a ring of flight
 w - a +5 ring of evasion (left hand)
 y - an amulet of regeneration (around neck)
 G - a ring of see invisible (right hand)
Wands
 t - a wand of charming (16)
 B - a wand of flame (29) (quivered)
 D - a wand of roots (11)
 E - a wand of digging (3)
Scrolls
 b - a scroll of revelation
 n - 4 scrolls of teleportation
 s - 2 scrolls of blinking
 H - a scroll of silence
 I - a scroll of fog
Potions
 c - 3 potions of attraction
 d - 2 potions of curing
 j - a potion of invisibility
 l - a potion of heal wounds
 p - 2 potions of lignification
 u - a potion of enlightenment
 x - a potion of mutation
 z - a potion of resistance {unknown}
 J - a potion of haste


   Skills:
 + Level 10.5 Fighting
 + Level 8.2 Short Blades
 + Level 8.2 Long Blades
 + Level 8.2 Axes
 + Level 8.2 Maces & Flails
 + Level 10.5 Polearms
 + Level 8.2 Staves
 + Level 8.2 Ranged Weapons
 + Level 8.2 Throwing
 + Level 9.5 Armour
 + Level 9.5 Dodging
 + Level 8.2 Stealth
 + Level 8.2 Shields
 + Level 8.2 Unarmed Combat
 + Level 8.2 Spellcasting
 + Level 6.8 Conjurations
 + Level 6.8 Hexes
 + Level 6.8 Summonings
 + Level 6.8 Necromancy
 + Level 6.8 Translocations
 + Level 6.8 Fire Magic
 + Level 6.8 Ice Magic
 + Level 6.8 Air Magic
 + Level 6.8 Earth Magic
 + Level 6.8 Alchemy
 + Level 9.0 Invocations
 + Level 8.2 Evocations
 + Level 7.5 Shapeshifting


You had 28 spell levels left.
You didn't know any spells.
Your spell library was empty.

Dungeon Overview and Level Annotations

Branches:
Dungeon (12/15)            Temple (0/1) D:7            Lair (0/5) D:10
    Orc (0/2) D:12          IceCv (1/1)

Altars:
Ashenzari
Elyvilon
Fedhas
Gozag
Hepliaklqana
Ru
Trog
Uskayaw
Xom
Zin

Shops:
D:10 [


Innate Abilities, Weirdness & Mutations

You have very sharp teeth.
Your uncanny sense of smell can sniff out nearby items.
Your experience applies equally to all skills.


Message History

You hit the ice devil but do no damage.
The ice devil is heavily wounded.
The ice devil hits you but does no damage. x2
You hit the ice devil.
The ice devil is heavily wounded.
The ice devil hits you. The ice devil freezes you!
You barely miss the ice devil.
The ice devil is heavily wounded.
The ice devil hits you but does no damage.
You hit the ice devil but do no damage. Your bite misses the ice devil.
The ice devil is heavily wounded.
You feel very mighty all of a sudden. You block the ice devil's attack.
The ice devil closely misses you. x2
The ice devil misses you.
Unknown command.
m - a +1 heavy war axe (weapon)
The ice devil closely misses you. The ice devil barely misses you.
You barely miss the ice devil. You hit the ice devil.
You feel the effects of Trog's Hand fading.
The ice devil hits you but does no damage.
The ice devil barely misses you.
The ice devil hits you but does no damage. x2
You closely miss the ice devil. x2; The ice devil hits you.
The ice devil freezes you! The ice devil barely misses you.
The ice devil hits you. The ice devil freezes you!! The ice devil hits you!
The ice devil freezes you!
* * * LOW HITPOINT WARNING * * *
The ice devil closely misses you. The ice devil misses you.
Unknown command.
You slash the ice devil!
You bite the ice devil, but do no damage.
The ice devil is moderately wounded.
You completely miss the ice devil.
Your skin stops crawling.
You feel less strong-willed. You block the ice devil's attack.
The ice devil hits you but does no damage.
You block the ice devil's attack. x2; The ice devil hits you.
* * * LOW HITPOINT WARNING * * *
The ice devil freezes you!!
You die...

##.............##
#...............#
#...............#
#.......⌠.......#
#...............#
#...............#
##.............##
#.####...####.#
###.4#.@4#W.###
#⌠[##4##)⌠#
##'#.Z.#+##
..#...# ###...###
#...#.#
#+#...#'###
+.......'.#
#.ß...ß.###


You could see 2 ice devils and a three-headed hydra simulacrum.

Vanquished Creatures
  A hydra (D:10)
  A catoblepas (D:11)
  A death yak (D:10)
  2 two-headed ogres
  A cyclops (D:12)
  An ugly thing (D:12)
  Maurice (D:7)
  2 ice statues (IceCv)
  Joseph (D:10)
  Jeremiah (D:7)
  Maggie (D:7)
  A komodo dragon (D:10)
  4 kobold demonologists
  2 freezing wraiths (IceCv)
  3 trolls
  2 ice devils (IceCv)
  Psyche (D:8)
  An anaconda simulacrum (IceCv)
  2 dream sheep (D:10)
  4 slime creatures (D:10)
  2 shadows (D:11)
  41 yaks
  A vampire (D:11)
  Eustachio (D:5)
  A wyvern (D:9)
  2 wraiths
  A basilisk (D:10)
  2 steam dragons (D:11)
  A death yak simulacrum (D:12)
  A harpy simulacrum (IceCv)
  An acid dragon (D:8)
  2 water moccasins
  Duvessa (D:7)
  5 ice beasts
  8 orc warriors
  A sky beast (D:6)
  A centaur (D:8)
  2 lemures (D:8)
  2 phantoms (D:6)
  8 kobold brigands
  A scorpion (D:4)
  2 two-headed ogre simulacra
  4 gnoll sergeants
  A bullfrog (D:7)
  A wight (D:6)
  Dowan (D:7)
  An elephant simulacrum (D:12)
  7 killer bees
  2 howler monkeys (D:8)
  3 bombardier beetles
  3 hounds
  A gnoll bouda (D:10)
  5 orc priests
  Crazy Yiuf (D:7)
  A sleepcap (D:7)
  5 iguanas
  14 orc wizards
  3 spriggan simulacra
  A polar bear simulacrum (IceCv)
  A troll simulacrum (D:12)
  A wolf simulacrum (D:12)
  4 adders
  15 gnolls
  A naga simulacrum (D:12)
  A white imp (D:5)
  An ufetubus (IceCv)
  A ribbon worm (D:3)
  44 orcs
  3 bats (D:2)
  5 endoplasms
  5 giant cockroaches
  7 goblins
  8 hobgoblins
  10 jackals
  5 quokkas
  5 ball pythons
  A frilled lizard (D:2)
  14 kobolds
  3 rats
309 creatures vanquished.

Vanquished Creatures (collateral kills)
  2 cyclopes (D:12)
  An ugly thing (D:12)
  A gargoyle (D:12)
4 creatures vanquished.

Grand Total: 313 creatures vanquished

Notes
Turn   | Place    | Note
-------+----------+-------------------------------------------
     0 | D:1      | jejorda2 the Gnoll Berserker began the quest for the Orb.
     0 | D:1      | Reached XP level 1. HP: 23/23 MP: 1/1
    54 | D:1      | Found a faded altar of an unknown god.
   121 | D:1      | Reached XP level 2. HP: 29/29 MP: 2/2
   836 | D:2      | Reached XP level 3. HP: 35/35 MP: 3/3
   958 | D:2      | Reached ** piety under Trog
   981 | D:2      | Reached skill level 1 in Invocations
  1456 | D:2      | Reached skill level 1 in Short Blades
  1456 | D:2      | Reached skill level 1 in Long Blades
  1456 | D:2      | Reached skill level 1 in Axes
  1456 | D:2      | Reached skill level 1 in Maces & Flails
  1456 | D:2      | Reached skill level 1 in Staves
  1456 | D:2      | Reached skill level 1 in Ranged Weapons
  1456 | D:2      | Reached skill level 1 in Throwing
  1456 | D:2      | Reached skill level 1 in Stealth
  1456 | D:2      | Reached skill level 1 in Shields
  1456 | D:2      | Reached skill level 1 in Unarmed Combat
  1456 | D:2      | Reached skill level 1 in Spellcasting
  1456 | D:2      | Reached skill level 1 in Evocations
  1607 | D:2      | Reached skill level 1 in Shapeshifting
  1607 | D:2      | Reached XP level 4. HP: 41/41 MP: 5/5
  2354 | D:3      | Reached skill level 1 in Conjurations
  2354 | D:3      | Reached skill level 1 in Hexes
  2354 | D:3      | Reached skill level 1 in Summonings
  2354 | D:3      | Reached skill level 1 in Necromancy
  2354 | D:3      | Reached skill level 1 in Translocations
  2354 | D:3      | Reached skill level 1 in Fire Magic
  2354 | D:3      | Reached skill level 1 in Ice Magic
  2354 | D:3      | Reached skill level 1 in Air Magic
  2354 | D:3      | Reached skill level 1 in Earth Magic
  2354 | D:3      | Reached skill level 1 in Alchemy
  2511 | D:4      | Noticed a scorpion
  2527 | D:4      | Killed a scorpion
  2528 | D:4      | Reached XP level 5. HP: 47/47 MP: 5/7
  2781 | D:4      | Reached XP level 6. HP: 40/53 MP: 8/8
  2844 | D:4      | Reached skill level 5 in Armour
  2844 | D:4      | Reached skill level 5 in Dodging
  3098 | D:5      | Entered Level 5 of the Dungeon
  3144 | D:5      | Found a hazy altar of Hepliaklqana.
  3215 | D:5      | Noticed an ice beast
  3223 | D:5      | Killed an ice beast
  3268 | D:5      | Noticed a water moccasin
  3276 | D:5      | Killed a water moccasin
  3277 | D:5      | Reached XP level 7. HP: 60/60 MP: 10/10
  3313 | D:5      | Noticed Eustachio
  3354 | D:5      | Killed Eustachio
  4445 | D:6      | Reached XP level 8. HP: 67/67 MP: 12/12
  4646 | D:6      | You fall into a shaft and drop 1 floor!
  4671 | D:7      | Found a runed translucent door.
  4672 | D:7      | Noticed Crazy Yiuf
  4681 | D:7      | Killed Crazy Yiuf
  4778 | D:7      | Found a staircase to the Ecumenical Temple.
  4890 | D:6      | Found a broken altar of Ashenzari.
  4894 | D:6      | Found a shimmering altar of Xom.
  4894 | D:6      | Found an opulent altar of Gozag.
  4907 | D:6      | Found a glowing silver altar of Zin.
  4910 | D:6      | Found a blossoming altar of Fedhas.
  5217 | D:7      | Found a bloodstained altar of Trog.
  5321 | D:7      | Noticed Maurice
  5332 | D:7      | Maurice stole a +1 heavy war axe
  5336 | D:7      | Killed Maurice
  5337 | D:7      | Reached XP level 9. HP: 68/74 MP: 13/15
  5389 | D:7      | Reached *** piety under Trog
  5390 | D:7      | Noticed Dowan
  5419 | D:7      | Killed Dowan
  5500 | D:7      | Noticed Jeremiah
  5511 | D:7      | Killed Jeremiah
  5539 | D:7      | Noticed Duvessa
  5548 | D:7      | Killed Duvessa
  5610 | D:7      | Reached skill level 5 in Invocations
  5829 | D:7      | Noticed Maggie
  5841 | D:7      | Killed Maggie
  6290 | D:8      | Reached skill level 5 in Short Blades
  6290 | D:8      | Reached skill level 5 in Long Blades
  6290 | D:8      | Reached skill level 5 in Axes
  6290 | D:8      | Reached skill level 5 in Maces & Flails
  6290 | D:8      | Reached skill level 5 in Staves
  6290 | D:8      | Reached skill level 5 in Ranged Weapons
  6290 | D:8      | Reached skill level 5 in Throwing
  6290 | D:8      | Reached skill level 5 in Stealth
  6290 | D:8      | Reached skill level 5 in Shields
  6290 | D:8      | Reached skill level 5 in Unarmed Combat
  6290 | D:8      | Reached skill level 5 in Spellcasting
  6290 | D:8      | Reached skill level 5 in Evocations
  6290 | D:8      | Reached XP level 10. HP: 74/81 MP: 17/17
  6414 | D:8      | Found a white marble altar of Elyvilon.
  6591 | D:8      | Reached skill level 5 in Shapeshifting
  6883 | D:8      | Found a sacrificial altar of Ru.
  7207 | D:8      | Noticed Psyche
  7215 | D:8      | Killed Psyche
  7309 | D:9      | Reached **** piety under Trog
  7773 | D:9      | Found a hide-covered altar of Uskayaw.
  8218 | D:10     | Entered Level 10 of the Dungeon
  8254 | D:10     | Reached skill level 5 in Conjurations
  8254 | D:10     | Reached skill level 5 in Hexes
  8254 | D:10     | Reached skill level 5 in Summonings
  8254 | D:10     | Reached skill level 5 in Necromancy
  8254 | D:10     | Reached skill level 5 in Translocations
  8254 | D:10     | Reached skill level 5 in Fire Magic
  8254 | D:10     | Reached skill level 5 in Ice Magic
  8254 | D:10     | Reached skill level 5 in Air Magic
  8254 | D:10     | Reached skill level 5 in Earth Magic
  8254 | D:10     | Reached skill level 5 in Alchemy
  8312 | D:10     | Reached XP level 11. HP: 89/89 MP: 20/20
  8414 | D:10     | Noticed a death yak
  8439 | D:10     | Noticed a sun demon
  8471 | D:10     | Killed a death yak
  8617 | D:10     | Found a staircase to the Lair.
  8680 | D:10     | Found Ranaw's Antique Armour Emporium.
  9084 | D:10     | Noticed Joseph
  9094 | D:10     | Killed Joseph
  9168 | D:10     | Reached ***** piety under Trog
  9169 | D:10     | Reached XP level 12. HP: 97/97 MP: 22/22
  9238 | D:10     | Noticed a three-headed hydra
  9244 | D:10     | Killed a three-headed hydra
  9606 | D:11     | Noticed a catoblepas
  9632 | D:11     | Killed a catoblepas
  9719 | D:11     | Noticed a two-headed ogre
  9730 | D:11     | Killed a two-headed ogre
  9731 | D:11     | Reached skill level 10 in Fighting
  9731 | D:11     | Reached skill level 10 in Polearms
 10220 | D:12     | Noticed a two-headed ogre
 10228 | D:12     | Killed a two-headed ogre
 10327 | D:12     | Found a frozen archway.
 10367 | IceCv    | Entered an ice cave
 10470 | IceCv    | Reached XP level 13. HP: 104/104 MP: 25/25
 10991 | IceCv    | Slain by an ice devil

Illustrated notes

Levels and vault maps discovered:
D:1:      minmay_arrival_stone_box, layout_basic,
          dreamdust_ecumenical_altar_angels_and_demons, grunt_decor_arrowhead
D:2:      layout_loops_corners
D:3:      layout_loops_cross
D:4:      layout_rooms
D:5:      layout_basic, mainiacjoe_overflow_surrounded_room, uniq_eustachio
D:6:      kennysheep_six_static_rooms, layout_loops_ring,
          minmay_overflow_temple_star_hex
D:7:      layout_basic, trog_book, minmay_temple_entry_junction, serial_rivers,
          chequers_serial_rivers_large_a, chequers_serial_rivers_small_a,
          chequers_serial_rivers_micro_d, chequers_serial_rivers_micro_c,
          chequers_serial_rivers_small_b, chequers_serial_rivers_micro_b,
          st_stairs_14, uniq_maggie, uniq_maurice, uniq_duvessa,
          uniq_crazy_yiuf_cottage, uniq_jeremiah
D:8:      layout_loops_corners, elyvilon_altar_1, lemuel_tele_altar,
          minmay_misc_feat_four_crosses, uniq_psyche, uniq_pikel
D:9:      layout_basic, nicolae_uskayaw_murder_on_the_dancefloor,
          nicolae_nh_ransacked_shop
D:10:     gammafunk_indiana_jones, layout_basic, dpeg_lair_monsters,
          serial_shops, shop, hangedman_ranch, uniq_joseph
D:11:     cheibrodos_steamvent, layout_basic
D:12:     layout_basic, orc_0_dummy, portal_ice_cave_entry_ice_simulacra,
          minmay_misc_feat_diagonals, nicolae_fountain_basement
IceCv:    ice_cave_tombish

Skill      XL: |  1  2  3  4  5  6  7  8  9 10 11 12 13 |
---------------+----------------------------------------+-----
Invocations    | 1 2 3 4 5 6 7 8 9 |  9.0
Short Blades   | 1 2 3 4 5 6 7 8 |  8.2
Long Blades    | 1 2 3 4 5 6 7 8 |  8.2
Axes           | 1 2 3 4 5 6 7 8 |  8.2
Maces & Flails | 1 2 3 4 5 6 7 8 |  8.2
Staves         | 1 2 3 4 5 6 7 8 |  8.2
Ranged Weapons | 1 2 3 4 5 6 7 8 |  8.2
Throwing       | 1 2 3 4 5 6 7 8 |  8.2
Stealth        | 1 2 3 4 5 6 7 8 |  8.2
Shields        | 1 2 3 4 5 6 7 8 |  8.2
Unarmed Combat | 1 2 3 4 5 6 7 8 |  8.2
Spellcasting   | 1 2 3 4 5 6 7 8 |  8.2
Evocations     | 1 2 3 4 5 6 7 8 |  8.2
Shapeshifting  | 1 2 3 4 5 6 7 |  7.5
Conjurations   | 1 2 3 4 5 6 |  6.8
Hexes          | 1 2 3 4 5 6 |  6.8
Summonings     | 1 2 3 4 5 6 |  6.8
Necromancy     | 1 2 3 4 5 6 |  6.8
Translocations | 1 2 3 4 5 6 |  6.8
Fire Magic     | 1 2 3 4 5 6 |  6.8
Ice Magic      | 1 2 3 4 5 6 |  6.8
Air Magic      | 1 2 3 4 5 6 |  6.8
Earth Magic    | 1 2 3 4 5 6 |  6.8
Alchemy        | 1 2 3 4 5 6 |  6.8
Armour         | 5 6 7 8 9 |  9.5
Dodging        | 5 6 7 8 9 |  9.5
Fighting       | 7 8 9 10 | 10.5
Polearms       | 7 8 9 10 | 10.5

Action                     |  1- 3 |  4- 6 |  7- 9 | 10-12 | 13-15 || total
---------------------------+-------+-------+-------+-------+-------++-------
  Melee: Spear             |   150 |   142 |   120 |       |       ||   412
         Bite              |    20 |     9 |    26 |   128 |    12 ||   195
         Trident           |       |       |   197 |   900 |    72 ||  1169
         War axe           |       |       |       |       |     3 ||     3
  Throw: Dart              |       |     6 |     5 |    31 |       ||    42
         Javelin           |       |       |       |     3 |       ||     3
         Boomerang         |       |       |       |     4 |       ||     4
 Invoke: Berserk           |       |     3 |     7 |    10 |     6 ||    26
         Trog's Hand       |       |     1 |     2 |     6 |     1 ||    10
         Brothers in Arms  |       |       |       |     2 |       ||     2
  Evoke: Wand              |       |       |    10 |    18 |     8 ||    36
    Use: Scroll            |       |       |    18 |     6 |     2 ||    26
         Potion            |       |       |     1 |     3 |     1 ||     5
 Armour: Ring mail         |    18 |       |       |       |       ||    18
         Chain mail        |    42 |    44 |   150 |       |       ||   236
         Plate armour      |       |       |    17 |   372 |    68 ||   457
  Dodge: Dodged            |    48 |    33 |   204 |   304 |    32 ||   621
  Block: Kite shield       |       |       |       |   281 |    25 ||   306

Table legend: (Time is in decaauts)
 A = Elapsed time spent in this place.
 B = Non-inter-level travel time spent in this place.
 C = Inter-level travel time spent in this place.
 D = Time resting spent in this place.
 E = Time spent auto-exploring this place.
 F = Levels seen in this place.
 G = Mean time per level.
                   A        B        C        D        E       F      G
               +--------+--------+--------+--------+--------+-----+--------+
         Total |  11020 |  10433 |    587 |    895 |   7019 |  13 |  847.7 |
       Dungeon |  10359 |   9772 |    587 |    498 |   6935 |  12 |  863.2 |
      Ice Cave |    660 |    660 |      0 |    396 |     84 |   1 |  660.0 |
               +--------+--------+--------+--------+--------+-----+--------+

Top non-repeatable levels by time:
    D:10: 1179 daAuts
     D:8: 1130 daAuts
     D:7: 1090 daAuts
     D:6: 1054 daAuts
     D:5: 947 daAuts
     D:9: 929 daAuts
     D:2: 850 daAuts
     D:1: 800 daAuts
    D:11: 785 daAuts
     D:3: 764 daAuts
   IceCv: 660 daAuts
     D:4: 623 daAuts
    D:12: 202 daAuts
